 Dungeon Crawl Stone Soup version 0.26-a0-854-gdc81c2f471 (webtiles) character file.

Game seed: 17190749455426691883

5611 iamoutofideas the Grappler (level 10, -2/98 HPs)
             Began as a Troll Hunter on Nov 22, 2020.
             Was a Priest of Okawaru.
             Slain by a basilisk (4 damage)
             ... while petrified by a basilisk
             ... on level 8 of the Dungeon.
             The game lasted 00:07:03 (6162 turns).

iamoutofideas the Grappler (Troll Hunter)           Turns: 6162, Time: 00:07:04

Health: -2/98      AC:  7    Str: 25    XL:     10   Next: 45%
Magic:  9/10       EV:  1    Int:  7    God:    Okawaru [***...]
Gold:   315        SH:  0    Dex: 16    Spells: 9/9 levels left

rFire    . . .     SeeInvis .     - Unarmed
rCold    + . .     Faith    .   (no shield)
rNeg     + + +     Spirit   .   b - +1 robe
rPois    ∞         Reflect  .   (helmet restricted)
rElec    .         Harm     .   (no cloak)
rCorr    .         Rampage  .   (gloves unavailable)
MR       .....                  (boots unavailable)
Stlth    ++........             (no amulet)
HPRegen  0.66/turn              A - +6 ring of dexterity
MPRegen  0.12/turn              k - ring of protection from cold

@: mighty, petrified
A: large, unfitting armour, claws 3, regeneration 1, shaggy fur 1, tough skin 3
a: Heroism, Renounce Religion


You were on level 8 of the Dungeon.
You worshipped Okawaru.
Okawaru was most pleased with you.
You visited 2 branches of the dungeon, and saw 9 of its levels.
You also visited: Sewer.

You collected 523 gold pieces.
You spent 208 gold pieces at shops.

Inventory:

Missiles
 c - 5 large rocks (quivered)
 d - 2 throwing nets
 s - 15 poisoned darts
 E - 5 atropa-tipped darts
Armour
 b - a +1 robe (worn)
 r - a +0 kite shield
Jewellery
 k - a ring of protection from cold (right claw)
 o - an uncursed ring of wizardry {unknown}
 A - a +6 ring of dexterity (left claw)
Wands
 t - a wand of iceblast (10)
 v - a wand of digging (6)
 z - a wand of polymorph (17)
 D - a wand of flame (10)
Scrolls
 h - 2 scrolls of magic mapping
 n - 4 scrolls of enchant armour
 p - 3 scrolls of remove curse
 u - 3 scrolls of immolation
 x - a scroll of blinking {unknown}
 y - 2 scrolls of enchant weapon {unknown}
 B - a scroll of identify
 C - a scroll of fear
Potions
 a - a potion of berserk rage
 e - a potion of heal wounds
 f - 2 potions of brilliance
 g - 2 potions of flight
 i - 2 potions of might
 j - a potion of attraction
 l - 3 potions of mutation
 m - a potion of lignification {unknown}
 q - 4 potions of curing
 w - a potion of cancellation {unknown}


   Skills:
 + Level 5.9 Fighting
 + Level 3.6 Throwing
 + Level 8.4 Dodging
 - Level 0.4 Stealth
 - Level 10.0 Unarmed Combat
 - Level 1.4 Invocations


You had 9 spell levels left.
You didn't know any spells.
Your spell library was empty.

Dungeon Overview and Level Annotations

Branches:
Dungeon (9/15)             Temple (1/1) D:6            Lair (0/6) D:8
  Sewer (visited)
    Orc: D:9-12

Altars:
Ashenzari
Cheibriados
Dithmenos
Elyvilon
Fedhas
Gozag
Kikubaaqudgha
Makhleb
Nemelex Xobeh
Okawaru
Trog
Uskayaw
Vehumet
Xom
Yredelemnul
Zin
The Shining One

Shops:
D:8 (   D:9 !


Innate Abilities, Weirdness & Mutations

You are too large for most types of armour.
You have claws for hands.
Your natural rate of healing is unusually fast.
You are covered in fur. (AC +1)
You have extremely tough skin. (AC +3)


Message History

The basilisk gazes at you. The centaur hits you.
* * * LOW HITPOINT WARNING * * *
The bullfrog barely misses you. The basilisk bites you.
* * * LOW HITPOINT WARNING * * *
The centaur hits you.
* * * LOW HITPOINT WARNING * * *
The bullfrog hits you but does no damage.
The centaur hits you.
* * * LOW HITPOINT WARNING * * *
The bullfrog hits you.
* * * LOW HITPOINT WARNING * * *
The basilisk bites you.
* * * LOW HITPOINT WARNING * * *
The centaur hits you.
* * * LOW HITPOINT WARNING * * *
The bullfrog hits you.
* * * LOW HITPOINT WARNING * * *
The basilisk bites you!
You die...

#..#...#### #....## #....##
.... #.#..##### .....# ##..#
##.....#.# .....# ....
###..†..## ....... ##..#
#......# ....... .... #......#
... ###..## ##....### ..
#⌠....# #....##
##8.@8####.....#
..##..cFl##.......### .....
.......h..##........# ......
...#####...........##
#.....### #.†........###
........## ###...####.....#
P........####.#.....##.##.###
..........##................#
...>...(...#h#.##..†###...)..#


You could see a basilisk, a black bear, a bullfrog and a centaur.

Vanquished Creatures
  Erica (D:8)
  A two-headed ogre (D:9)
  2 wyverns
  5 yaks
  Menkaure (D:6)
  A phantom (D:8)
  Purgy (Sewer)
  A water moccasin (D:8)
  5 sky beasts
  2 ogres
  3 centaurs
  A big kobold (D:6)
  4 bullfrogs
  3 scorpions
  7 killer bees (D:9)
  3 wights (D:6)
  4 howler monkeys
  A bullfrog zombie (D:5)
  A bullfrog skeleton (D:9)
  4 orc priests
  2 hounds (D:9)
  5 orc wizards
  2 centaur skeletons
  4 iguanas
  5 worker ants
  A howler monkey skeleton (D:5)
  13 adders
  A gnoll (D:1)
  A river rat (D:3)
  4 shadow imps
  An ufetubus (D:5)
  An adder skeleton (D:4)
  3 worms
  5 dart slugs
  4 leopard geckos
  27 orcs
  2 ball pythons (D:3)
  10 bats
  6 giant cockroaches
  15 goblins
  6 hobgoblins
  9 jackals
  17 kobolds
  3 quokkas
  7 frilled lizards
  A leopard gecko skeleton (D:4)
  A leopard gecko zombie (D:8)
  13 rats
220 creatures vanquished.

Vanquished Creatures (others)
  2 plants
2 creatures vanquished.

Grand Total: 222 creatures vanquished

Notes
Turn   | Place    | Note
-------+----------+-------------------------------------------
     0 | D:1      | iamoutofideas the Troll Hunter began the quest for the Orb.
     0 | D:1      | Reached XP level 1. HP: 19/19 MP: 0/0
    25 | D:1      | Reached skill level 1 in Unarmed Combat
   130 | D:1      | Reached XP level 2. HP: 22/27 MP: 1/1
   167 | D:1      | Reached skill level 2 in Unarmed Combat
   356 | D:1      | Reached XP level 3. HP: 25/33 MP: 2/2
   445 | D:2      | Reached skill level 3 in Unarmed Combat
   513 | D:2      | Found a white marble altar of Elyvilon.
   600 | D:2      | Found an ancient bone altar of Kikubaaqudgha.
   662 | D:2      | Found a radiant altar of Vehumet.
   824 | D:2      | Found a glowing golden altar of the Shining One.
   963 | D:2      | Reached XP level 4. HP: 37/41 MP: 3/3
  1160 | D:2      | Found a glowing silver altar of Zin.
  1344 | D:2      | Reached skill level 4 in Unarmed Combat
  1395 | D:3      | Found a glowing drain.
  1433 | Sewer    | Entered a sewer
  1512 | Sewer    | Noticed Purgy
  1528 | Sewer    | Killed Purgy
  1529 | Sewer    | Reached skill level 5 in Unarmed Combat
  1529 | Sewer    | Reached XP level 5. HP: 41/48 MP: 4/4
  1759 | D:3      | Reached XP level 6. HP: 55/55 MP: 5/5
  1770 | D:3      | Reached skill level 6 in Unarmed Combat
  1837 | D:3      | Found a shadowy altar of Dithmenos.
  2912 | D:5      | Entered Level 5 of the Dungeon
  2923 | D:5      | Reached skill level 7 in Unarmed Combat
  3079 | D:5      | Reached XP level 7. HP: 6/62 MP: 6/6
  3373 | D:5      | Reached skill level 8 in Unarmed Combat
  3756 | D:5      | Found a bloodstained altar of Trog.
  3803 | D:6      | Found a staircase to the Ecumenical Temple.
  3820 | Temple   | Entered the Ecumenical Temple
  3913 | Temple   | Became a worshipper of Warmaster Okawaru
  3968 | D:6      | Reached skill level 9 in Unarmed Combat
  3985 | D:6      | Reached XP level 8. HP: 35/70 MP: 7/7
  4185 | D:6      | Reached * piety under Okawaru
  4186 | D:6      | Reached skill level 10 in Unarmed Combat
  4422 | D:6      | Noticed Menkaure
  4434 | D:6      | Killed Menkaure
  4472 | D:6      | You fall into a shaft and drop 3 floors!
  4578 | D:9      | Found Esche's Distillery.
  4587 | D:9      | Bought a potion of heal wounds for 65 gold pieces
  4587 | D:9      | Bought a potion of heal wounds for 65 gold pieces
  4587 | D:9      | Bought a potion of curing for 39 gold pieces
  4587 | D:9      | Bought a potion of curing for 39 gold pieces
  4593 | D:9      | Noticed a two-headed ogre
  4599 | D:9      | Killed a two-headed ogre
  4600 | D:9      | Reached XP level 9. HP: 46/83 MP: 8/8
  4787 | D:9      | Reached skill level 5 in Dodging
  4806 | D:9      | Reached ** piety under Okawaru
  4838 | D:9      | Reached skill level 1 in Invocations
  5198 | D:9      | Reached *** piety under Okawaru
  5202 | D:9      | Reached XP level 10. HP: 89/94 MP: 9/9
  5208 | D:9      | Reached skill level 5 in Fighting
  5870 | D:8      | Noticed Erica
  5879 | D:8      | Killed Erica
  6078 | D:8      | Found Edwoleda's Antique Weapon Boutique.
  6116 | D:8      | Found a staircase to the Lair.
  6161 | D:8      | HP: 4/98 [bullfrog (2)]
  6162 | D:8      | Slain by a basilisk

Illustrated notes

Levels and vault maps discovered:
D:1:      eino_arrival_water_cross, layout_rooms, serial_park_tiny_pond,
          serial_bayou_lake_a
D:2:      layout_basic, nicolae_overflow_quartered_altars,
          lemuel_coloured_pillars_altar, minmay_3d_cube
D:3:      minmay_angry_zag, layout_loops_ring, portal_sewer_entry_a,
          roderic_serpentine_path, minmay_misc_feat_rows,
          grunt_dithmenos_smoke_and_mirrors
D:4:      layout_basic, minmay_misc_feat_secret_circle
D:5:      layout_loops_ring, lightli_temple_of_fire
D:6:      layout_gridville, nicolae_ru_path_of_blood,
          minmay_temple_entry_arrows, uniq_menkaure
D:8:      layout_cave_pools, riverfiend_overflow_shadow_ancestor, minitemple,
          david_lair_generic, serial_shops, nicolae_shop_statue_plus, uniq_erica
D:9:      layout_basic, marbit_many_paths, serial_shops, shop,
          minmay_fractal_squares_diagonal_5
Temple:   zaba_magenta_temple

Skill      XL: |  1  2  3  4  5  6  7  8  9 10 |
---------------+-------------------------------+-----
Unarmed Combat | 1 2 3 5 7 9 10 | 10.0
Dodging        | 4 7 8 |  8.4
Fighting       | 3 4 5 |  5.9
Invocations    | 1 |  1.4
Throwing       | |  3.6
Stealth        | |  0.4

Action                   |  1- 3 |  4- 6 |  7- 9 | 10-12 || total
-------------------------+-------+-------+-------+-------++-------
Melee: Unarmed           |   124 |   185 |   228 |    78 ||   615
       Punch             |     1 |     2 |    12 |     5 ||    20
Invok: Heroism           |       |       |     1 |     1 ||     2
  Use: Scroll            |     4 |     3 |     6 |       ||    13
       Potion            |       |     1 |     4 |     3 ||     8
 Stab: Sleeping          |       |       |     1 |     2 ||     3
       Distracted        |       |       |     1 |       ||     1
Armor: Robe              |    66 |    69 |    45 |    35 ||   215
Dodge: Dodged            |    83 |    90 |   118 |    82 ||   373

Table legend: (Time is in decaauts)
 A = Elapsed time spent in this place.
 B = Non-inter-level travel time spent in this place.
 C = Inter-level travel time spent in this place.
 D = Time resting spent in this place.
 E = Time spent auto-exploring this place.
 F = Levels seen in this place.
 G = Mean time per level.
                   A        B        C        D        E       F      G
               +--------+--------+--------+--------+--------+-----+--------+
         Total |   6110 |   5865 |    245 |    244 |   4447 |  10 |  611.0 |
       Dungeon |   5849 |   5651 |    198 |    244 |   4288 |   8 |  731.1 |
        Temple |    108 |     61 |     47 |      0 |     60 |   1 |  108.0 |
         Sewer |    151 |    151 |      0 |      0 |     99 |   1 |  151.0 |
               +--------+--------+--------+--------+--------+-----+--------+

Top non-repeatable levels by time:
     D:9: 1238 daAuts
     D:2: 951 daAuts
     D:5: 868 daAuts
     D:3: 689 daAuts
     D:4: 674 daAuts
     D:6: 558 daAuts
     D:1: 450 daAuts
     D:8: 418 daAuts
   Sewer: 151 daAuts
  Temple: 108 daAuts
